AoeStats
← the shy

Arena

504460706Analyzed
4v4 RM · 27d ago on Sep 5, 2026· 52m 36s· 8 players
Game mode
Random Map
Map size
Large (8 player)
Population
200
Speed
Normal
Resources
Standard
Victory
Conquest
Starting age
Dark Age
Ending age
Imperial Age
RankedLock teamsTeams togetherTeam positionsShared explorationLock speedFull tech treeHidden civsTurbo modeCheats
Victory
Defeat
🇨🇳 Italians · China
1804
+9
🇨🇳 Saracens · China
1794
+10
🇨🇳 Portuguese · China
1667
+15
🇨🇳 Burgundians · China
1641
+15
🇨🇳 Malay · China
1694
-14
🇨🇳 Bengalis · China
1625
-12
🇦🇺 Romans · Australia
1624
-12
🇵🇱 Franks · Poland
1621
-11
the shy
11:18 Feudal Age
14:56 Castle Age
12:45 Double-Bit Axe
12:42 Horse Collar
16:04 Bow Saw
22:03 Wheelbarrow
24:53 Loom
27:44 Imperial Age
25:13 Gold Mining
25:44 Heavy Plow
25:37 Fletching
26:09 Ballistics
25:30 Treadmill Crane
26:46 Hand Cart
27:09 Gold Shaft Mining
27:04 Bodkin Arrow
27:10 Padded Archer Armor
27:42 Fervor
27:53 Elite Elephant Archer
30:05 Chemistry
29:07 Bracer
30:08 Leather Archer Armor
30:59 Crop Rotation
30:51 Husbandry
31:27 Conscription
31:39 Bloodlines
31:34 Light Cavalry
32:55 Paiks
33:25 Scale Barding Armor
33:30 Forging
32:55 Siege Elephant
35:36 Ring Archer Armor
37:21 Chain Barding Armor
37:36 Iron Casting
38:07 Two-Man Saw
37:10 Caravan
42:30 Stone Mining
48:47 Coinage
48:28 Guilds
51:10 Plate Barding Armor
51:35 Blast Furnace
50:38 Scale Mail Armor
tim.13
10:47 Feudal Age
14:51 Castle Age
12:45 Double-Bit Axe
13:30 Horse Collar
15:09 Wheelbarrow
20:21 Bow Saw
20:53 Gold Mining
22:10 Gold Shaft Mining
23:30 Loom
26:24 Imperial Age
23:55 Fletching
25:01 Ballistics
24:35 Stone Mining
25:12 Bodkin Arrow
25:59 Bracer
25:56 Town Watch
26:06 Crossbowman
28:17 Chemistry
27:24 Arbalester
28:50 Pikeman
30:46 Padded Archer Armor
30:20 Halberdier
31:46 Conscription
31:39 Forging
32:25 Leather Archer Armor
35:00 Iron Casting
34:56 Ring Archer Armor
35:45 Thumb Ring
39:13 Hand Cart
40:05 Blast Furnace
42:00 Caravan
41:48 Elite Skirmisher
ForeveR
10:27 Feudal Age
14:29 Castle Age
12:19 Double-Bit Axe
15:24 Bow Saw
19:23 Loom
21:45 Wheelbarrow
24:14 Gold Mining
24:14 Stone Mining
28:30 Imperial Age
26:58 Scale Barding Armor
27:29 Hand Cart
28:20 Chain Barding Armor
28:54 Forging
28:46 Husbandry
28:36 Cavalier
30:05 Plate Barding Armor
30:31 Iron Casting
30:31 Paladin
32:42 #83
32:42 Conscription
32:50 Scale Mail Armor
33:51 Blast Furnace
33:11 Herbal Medicine
33:03 Elite Throwing Axeman
34:07 Squires
33:53 Arson
34:47 Gold Shaft Mining
34:52 Chain Mail Armor
35:06 Ballistics
35:47 Chemistry
34:53 Siege Engineers
34:43 Murder Holes
35:55 Light Cavalry
38:15 Plate Mail Armor
37:37 Fletching
41:20 Hoardings
40:59 Masonry
40:45 Murder Holes
41:28 Bodkin Arrow
44:41 Architecture
50:59 Caravan
Mau5
8:02 Feudal Age
6:17 Loom
12:08 Fletching
14:23 Horse Collar
14:30 Double-Bit Axe
23:43 Castle Age
25:02 Bow Saw
25:52 Heavy Plow
26:44 Gold Mining
26:48 Stone Mining
28:13 Wheelbarrow
32:48 Imperial Age
30:47 Scale Mail Armor
30:50 Pikeman
31:30 Squires
32:36 Chain Mail Armor
32:31 Forging
32:49 Halberdier
34:22 Conscription
34:49 Iron Casting
34:15 Man-at-Arms
36:30 Blast Furnace
35:58 Hand Cart
36:26 Fortified Wall
36:26 Masonry
39:16 Ballistas
40:19 Chemistry
40:42 Siege Engineers
40:58 Ballistics
40:45 Siege Engineers
41:11 Architecture
40:40 Long Swordsman
40:54 Elite Centurion
42:14 Comitatenses
41:19 Legionary
42:15 Heavy Scorpion
50:49 Town Watch
慕华花繁
8:43 Loom
10:52 Feudal Age
14:24 Castle Age
13:25 Double-Bit Axe
14:21 Horse Collar
15:58 Bow Saw
26:50 Wheelbarrow
26:40 Gold Mining
26:44 Town Watch
26:56 Fletching
28:53 Hand Cart
32:10 Imperial Age
29:37 Treadmill Crane
30:09 Fortified Wall
29:41 Treadmill Crane
30:21 Ballistics
29:58 Stone Mining
30:45 Padded Archer Armor
30:59 Heavy Plow
31:35 Stone Shaft Mining
32:23 Leather Archer Armor
33:51 Chemistry
33:07 Pirotechnia
33:34 Ring Archer Armor
33:46 Bodkin Arrow
34:03 Guilds
37:28 Conscription
39:36 Bracer
41:35 Masonry
43:23 Crop Rotation
43:59 Two-Man Saw
47:41 Coinage
I'm AOE2 Noob
10:44 Feudal Age
11:30 Double-Bit Axe
12:02 Horse Collar
14:31 Castle Age
14:22 Wheelbarrow
15:30 Bow Saw
21:20 Heavy Plow
22:27 Gold Mining
23:36 Stone Mining
24:29 Hand Cart
28:07 Imperial Age
27:00 Pikeman
27:42 Scale Mail Armor
27:52 Forging
27:43 Padded Archer Armor
28:45 Chain Mail Armor
29:47 Chemistry
29:26 Coinage
28:22 Halberdier
29:00 Town Watch
30:10 Plate Mail Armor
30:10 Leather Archer Armor
30:49 Banking
31:47 Two-Man Saw
33:48 Ring Archer Armor
33:54 Iron Casting
35:21 Blast Furnace
34:11 Fletching
34:27 Scale Barding Armor
34:39 Arson
36:40 Conscription
36:20 Circumnavigation
38:32 Bodkin Arrow
38:39 Arquebus
38:39 Treadmill Crane
39:39 Bombard Tower
39:40 Ballistics
40:35 Stone Shaft Mining
40:16 Bracer
39:59 Treadmill Crane
40:29 Masonry
40:29 Elite Skirmisher
44:06 Chain Barding Armor
45:26 Architecture
45:02 Siege Engineers
45:10 Fortified Wall
45:33 Architecture
45:08 Siege Engineers
47:29 Loom
Izumi Yuki
5:45 Double-Bit Axe
7:34 Horse Collar
11:23 Feudal Age
13:37 Bow Saw
15:35 Castle Age
15:50 Light Cavalry
20:15 Fervor
22:25 Wheelbarrow
23:44 Sanctity
28:11 Imperial Age
25:27 Loom
26:02 Hand Cart
25:49 Heavy Plow
25:45 Gold Mining
26:25 Husbandry
26:29 Scale Mail Armor
26:40 Forging
26:44 Town Watch
27:45 Chain Mail Armor
28:11 Burgundian Vineyards
29:00 Scale Barding Armor
29:18 Elite Coustillier
30:32 Chain Barding Armor
30:13 Fletching
31:48 Iron Casting
31:59 Plate Barding Armor
32:31 Chemistry
31:41 Cavalier
33:02 Paladin
34:56 Blast Furnace
34:54 Gold Shaft Mining
34:26 Bodkin Arrow
35:06 Masonry
37:07 Capped Ram
37:50 Hussar
40:00 Treadmill Crane
40:50 Architecture
42:24 Conscription
44:14 Two-Man Saw
43:48 Crop Rotation
43:38 Town Patrol
45:03 Burgundian Vineyards
46:29 Fortified Wall
47:38 Hoardings
50:55 Pikeman
51:35 Squires
TS-精锐狐狐
11:32 Feudal Age
15:10 Castle Age
13:24 Double-Bit Axe
17:30 Bow Saw
22:37 Wheelbarrow
22:36 Loom
24:33 Gold Mining
24:33 Stone Mining
28:23 Imperial Age
25:58 Horse Collar
26:47 Heavy Plow
27:59 Hand Cart
28:31 Scale Barding Armor
28:36 Forging
29:18 Gold Shaft Mining
29:53 Chain Barding Armor
29:22 Treadmill Crane
29:54 Fortified Wall
30:33 Iron Casting
29:53 Elite Mameluke
31:28 Plate Barding Armor
31:36 Bloodlines
31:27 Husbandry
35:21 Blast Furnace
34:43 Conscription
34:32 Onager
36:14 Siege Engineers
39:02 Fletching
39:12 Padded Archer Armor
41:00 Bodkin Arrow
43:12 Bracer
Connection lost

Rejoining the realm…

Still unreachable

The connection could not be restored.

Session expired

The server has moved on; the page needs a fresh start.